 Dungeon Crawl Stone Soup version 0.19-a0-1717-gc7c1317 (webtiles) character file.

9031 Flanowski the Martial Artist (level 11, -1/51 HPs)
             Began as a Vine Stalker Transmuter on Sept 29, 2016.
             Was a Priest of Ashenzari.
             Slain by Snorg (9 damage)
             ... on level 10 of the Dungeon.
             The game lasted 00:34:51 (9530 turns).

Flanowski the Martial Artist (VSTm)                 Turns: 9530, Time: 00:34:51

Health: -1/51      AC:  3    Str: 13    XL:     11   Next: 40%
Magic:  0/23       EV: 18    Int: 13    God:    Ashenzari [***...]
Gold:   547        SH:  0    Dex: 18    Spells: 4 memorised, 14 levels left

rFire  . . .     SeeInvis +       - Unarmed
rCold  . . .     Gourm    .     b - +0 robe (curse)
rNeg   . . .     Faith    .     (shield currently unavailable)
rPois  .         Spirit   +     (no helmet)
rElec  .         Dismiss  .     (no cloak)
rCorr  .         Reflect  .     (gloves currently unavailable)
MR     ++...     Harm     .     (no boots)
Stlth  ++........               q - amulet of regeneration (curse)
                                M - ring of protection from magic (curse)
                                n - +3 ring of evasion (curse)

@: blade hands
A: fangs 3, talons 1, blurry vision 1, regeneration 1, magic shield, antimagic
bite, no device heal 3, rot immunity
a: End Transformation, Curse Item, Scrying, Renounce Religion


You were on level 10 of the Dungeon.
You worshipped Ashenzari.
Ashenzari was most pleased with you.
You were not hungry.
You had blades for hands.
You visited 2 branches of the dungeon, and saw 12 of its levels.

You collected 547 gold pieces.

Inventory:

Hand Weapons
 N - a +4 scimitar of flaming
Missiles
 a - 141 arrows
Armour
 b - a cursed +0 robe (worn)
Jewellery
 n - a cursed +3 ring of evasion (left scythe-like blade)
 q - a cursed amulet of regeneration (around neck)
 y - an uncursed amulet of magic regeneration
 I - a +2 ring of protection
 M - a cursed ring of protection from magic (right scythe-like blade)
Wands
 p - a wand of teleportation (5/9)
 s - a wand of acid (7/15)
 w - a wand of polymorph (10/24)
 z - a wand of digging (16/24)
 A - a wand of random effects (31/48)
 E - a wand of lightning (8/15)
 F - a wand of flame (19/48)
 J - a wand of random effects (23/48)
 P - a wand of slowing (30/48)
Scrolls
 g - 3 scrolls of fog {unknown}
 m - 2 scrolls of fear
 o - 2 scrolls of random uselessness
 t - a scroll of acquirement {unknown}
 x - 5 scrolls of enchant armour
 B - 2 scrolls of enchant weapon {unknown}
 D - a scroll of teleportation {unknown}
 G - a scroll of blinking {unknown}
 H - 2 scrolls of identify
 O - a scroll of recharging {unknown}
Potions
 e - 2 potions of curing
 f - 3 potions of heal wounds
 j - a potion of brilliance
 k - a potion of invisibility
 l - 6 potions of flight
 r - a potion of mutation
 u - 2 potions of lignification
 C - a potion of agility {unknown}
 K - a potion of ambrosia {unknown}
 L - 2 potions of haste {unknown}
Books
 c - a book of Changes

   Spells                             Type                      Level
   a - Beastly Appendage              Transmutation                1
   b - Sticks to Snakes               Transmutation                2
   c - Spider Form                    Transmutation/Poison         3
   d - Ice Form                       Ice/Transmutation            4
   e - Blade Hands                    Transmutation                5
Comestibles
 d - 4 bread rations
 h - 6 fruits
 i - 4 meat rations
 v - 2 slices of pizza
 Q - 15 chunks of flesh
 R - a royal jelly


   Skills:
 + Level 2.6 Fighting
 + Level 5.1 Dodging
 + Level 10.3 Unarmed Combat
 + Level 7.8 Spellcasting
 * Level 9.9(12.6) Transmutations
 + Level 4.0(6.7) Poison Magic


You had 14 spell levels left.
You knew the following spells:

 Your Spells              Type           Power        Failure   Level  Hunger
a - Beastly Appendage     Tmut           #####.       8%          1    None
b - Sticks to Snakes      Tmut           #####...     8%          2    None
c - Spider Form           Tmut/Pois      ####......   14%         3    ##.....
d - Blade Hands           Tmut           #####.....   21%         5    #####..


Dungeon Overview and Level Annotations

Branches:
Dungeon (11/15)            Temple (1/1) D:6            Lair (0/6) D:8
    Orc (0/2) D:9

Altars:
Ashenzari
Cheibriados
Dithmenos
Elyvilon
Fedhas
Gozag
Hepliaklqana
Kikubaaqudgha
Makhleb
Nemelex Xobeh
Okawaru
Qazlal
Ru
Sif Muna
Trog
Uskayaw
Vehumet
Xom
Yredelemnul
Zin
The Shining One
Lugonu

Shops:
D:7 }   D:8 }

Annotations:
D:10 Snorg


Innate Abilities, Weirdness & Mutations

You have razor-sharp teeth.
Your natural rate of healing is unusually fast.
When hurt, damage is shared between your health and your magic reserves.
Your bite disrupts and absorbs the magic of your enemies.
Potions and wands cannot restore your health.
You are immune to rotting.
You have sharp toenails.
Scrolls take you a little longer to read.


Message History

You climb downwards.
Level annotation: Snorg You feel sick.
Snorg bites you!! Snorg claws you! Snorg closely misses you.
There is a stone staircase leading up, spattered with blood here.
Snorg bites you! Snorg closely misses you. Snorg barely misses you.
You climb upwards.
There is a stone staircase leading down, spattered with blood here.
You feel sick.
You are no longer poisoned.
Snorg goes berserk!
Snorg misses you. Snorg claws you!! Snorg barely misses you.
Snorg rages.
Snorg completely misses you. x2; Snorg claws you!
* * * LOW HITPOINT WARNING * * *
Okay, then.
Really read with blurry vision while enemies are nearby? [Y]es or [N]o only, please.
Really read with blurry vision while enemies are nearby?
Snorg closely misses you. Snorg claws you!
You die...

................# #.
................# #.
................# #.
................################.
.................................
...............[)................
##.#############...##############
#.# #...# #.# #@..# #.# #T..# #.#
#...# #.# #...# #.# #...# #.#
#...# ##.# #...##############
...#############.................
.................................


You could see Snorg (berserk).

Vanquished Creatures
  Erica (D:9)
  The ghost of Flanowski the Transmogrifier, a novice VSTm of Ashenzari (D:8)
  A hill giant (D:7)
  Pikel (D:5)
  An ugly thing (D:9)
  The ghost of Deemzul the Slasher, a novice DgFi (D:6)
  Psyche (D:8)
  A troll (D:9)
  Grinder (D:5)
  A hippogriff (D:7)
  A vampire (D:8)
  Grum (D:9)
  A water moccasin (D:9)
  2 ice beasts
  5 orc warriors
  3 slaves (D:5)
  A phantom (D:8)
  A sky beast (D:8)
  8 ogres
  2 black bears
  2 wolves (D:9)
  3 centaurs
  A crocodile (D:9)
  A big kobold (D:7)
  7 bullfrogs
  A water moccasin zombie (D:8)
  2 scorpions
  11 killer bees
  3 wights
  2 jellies
  8 crimson imps
  A centaur zombie (D:8)
  3 hounds
  A bullfrog skeleton (D:10)
  11 orc priests
  4 orc wizards
  2 centaur skeletons
  5 worker ants
  A hound skeleton (D:4)
  Robin (D:4)
  10 gnolls
  A howler monkey skeleton (D:7)
  8 adders
  A shadow imp (D:9)
  2 adder zombies
  3 adder skeletons
  3 worms
  2 dart slugs
  4 leopard geckos
  34 orcs
  2 giant cockroaches
  14 goblins
  10 hobgoblins
  14 jackals
  4 quokkas
  6 bats
  3 frilled lizards
  A giant cockroach zombie (D:5)
  9 kobolds
  A leopard gecko zombie (D:8)
  8 rats
245 creatures vanquished.

Vanquished Creatures (collateral kills)
  A yak (D:8)
  A killer bee (D:8)
  A quasit (D:8)
  An orc (D:8)
4 creatures vanquished.

Grand Total: 249 creatures vanquished

Notes
Turn   | Place    | Note
-------+----------+-------------------------------------------
     0 | D:1      | Flanowski the Vine Stalker Transmuter began the quest for the Orb.
     0 | D:1      | Reached XP level 1. HP: 9/9 MP: 4/4
   284 | D:1      | Reached XP level 2. HP: 14/14 MP: 6/6
   491 | D:1      | Reached skill level 1 in Fighting
   651 | D:2      | Reached XP level 3. HP: 18/18 MP: 7/7
   776 | D:2      | You fall through a shaft for 2 floors!
  1041 | D:2      | Found a shadowy altar of Dithmenos.
  1247 | D:2      | Found a bloodstained altar of Trog.
  1247 | D:2      | Found a hide-covered altar of Uskayaw.
  1247 | D:2      | Found a white marble altar of Elyvilon.
  1259 | D:2      | Gained mutation: Your natural rate of healing is unusually fast. [Vine Stalker growth]
  1259 | D:2      | Reached XP level 4. HP: 20/22 MP: 9/9
  1312 | D:2      | Found a burning altar of Makhleb.
  1336 | D:2      | Found an opulent altar of Gozag.
  1336 | D:2      | Found a sacrificial altar of Ru.
  1681 | D:3      | Learned a level 2 spell: Sticks to Snakes
  1685 | D:3      | Learned a level 3 spell: Spider Form
  1733 | D:3      | Found a shattered altar of Ashenzari.
  1745 | D:3      | Became a worshipper of Ashenzari the Shackled
  2082 | D:3      | Reached XP level 5. HP: 25/25 MP: 2/10
  2419 | D:4      | Found a radiant altar of Vehumet.
  2485 | D:4      | Noticed an ogre
  2497 | D:4      | Killed an ogre
  2497 | D:4      | Reached skill level 4 in Unarmed Combat
  2532 | D:4      | Reached XP level 6. HP: 30/30 MP: 11/11
  2590 | D:4      | Noticed Robin
  2606 | D:4      | Killed Robin
  2663 | D:4      | Found a shimmering altar of Xom.
  2673 | D:4      | Found a shimmering altar of Xom.
  2682 | D:4      | Found a shimmering altar of Xom.
  3034 | D:5      | Entered Level 5 of the Dungeon
  3034 | D:5      | Noticed Grinder
  3050 | D:5      | Paralysed by Grinder for 3 turns
  3054 | D:5      | Killed Grinder
  3054 | D:5      | Reached skill level 5 in Unarmed Combat
  3054 | D:5      | Reached skill level 1 in Poison Magic
  3054 | D:5      | Reached XP level 7. HP: 16/33 MP: 1/13
  3427 | D:5      | Reached skill level 5 in Transmutations
  3832 | D:5      | Found an iron altar of Okawaru.
  3903 | D:6      | Noticed Pikel
  3907 | D:6      | Gained mutation: You have razor-sharp teeth. [Vine Stalker growth]
  3907 | D:6      | Reached XP level 8. HP: 37/37 MP: 11/15
  4018 | D:5      | Killed Pikel
  4018 | D:5      | Reached skill level 6 in Unarmed Combat
  4161 | D:6      | Noticed Deemzul's ghost (novice DgFi)
  4180 | D:6      | Killed Deemzul's ghost
  4180 | D:6      | Reached skill level 7 in Unarmed Combat
  4180 | D:6      | Reached XP level 9. HP: 42/42 MP: 15/17
  4234 | D:6      | Reached * piety under Ashenzari
  4440 | D:6      | Found a basalt altar of Yredelemnul.
  4453 | D:6      | Reached skill level 5 in Spellcasting
  4460 | D:6      | Found a staircase to the Ecumenical Temple.
  4504 | Temple   | Entered the Ecumenical Temple
  5061 | D:7      | HP: 2/42 [scorpion (3)]
  5191 | D:7      | Learned a level 5 spell: Blade Hands
  5223 | D:7      | Found Yckynk's Gadget Shop.
  5233 | D:7      | Reached skill level 8 in Unarmed Combat
  5315 | D:7      | Found a blossoming altar of Fedhas.
  5464 | D:7      | Found a sacrificial altar of Ru.
  5701 | D:7      | Noticed a hill giant
  5739 | D:7      | Killed a hill giant
  5929 | D:8      | Reached ** piety under Ashenzari
  6023 | D:8      | Reached XP level 10. HP: 46/46 MP: 11/19
  6049 | D:8      | Found Betud's Gadget Shop.
  6144 | D:8      | Found a staircase to the Lair.
  6145 | D:8      | Noticed Psyche
  6161 | D:8      | Killed Psyche
  6162 | D:8      | Reached skill level 9 in Unarmed Combat
  6262 | D:8      | Noticed Flanowski's ghost (novice VSTm)
  6484 | D:8      | Killed Flanowski's ghost
  6715 | D:8      | HP: 2/47 [poisoned by a killer bee]
  7496 | D:9      | Found a staircase to the Orcish Mines.
  7496 | D:9      | Reached *** piety under Ashenzari
  7713 | D:9      | Noticed Erica
  7817 | D:9      | Killed Erica
  7817 | D:9      | Reached skill level 5 in Dodging
  7817 | D:9      | Reached XP level 11. HP: 40/51 MP: 10/23
  7853 | D:9      | Noticed Grum
  7877 | D:9      | Reached skill level 10 in Unarmed Combat
  7990 | D:9      | Killed Grum
  8063 | D:9      | Gained mutation: You have sharp toenails. [mutagenic glow]
  8104 | D:9      | Gained mutation: Scrolls take you a little longer to read. [mutagenic glow]
  8333 | D:9      | Identified the +1 leather armour of the Armadillo {*Corrode +Inv rElec Str-5}
  8542 | D:9      | Noticed a green ugly thing
  8548 | D:9      | Killed a green ugly thing
  8709 | D:10     | Entered Level 10 of the Dungeon
  9471 | D:11     | Noticed Snorg
  9530 | D:10     | Slain by Snorg

Vault maps used:
D:1:      roderic_octagonal_star, minmay_tromino_v7
D:2:      gammafunk_temple_overflow_wave, marbit_many_paths,
          lemuel_crystal_altar, grunt_temple_overflow_open
D:3:      old_standard_altar, serial_glass, glass_columns_a, glass_columns_a
D:4:      xom_redecorated, fiery_altar_vehumet, solitary_fountain, uniq_robin
D:5:      lemuel_coloured_pillars_altar, first_bread, serial_glass,
          glass_columns_c, glass_columns_a, uniq_grinder
D:6:      overflow_temple_1_default, uniq_pikel
D:7:      lemuel_doored_altar, serial_shops, nicolae_shop_waterfront,
          basic_altar
D:8:      minmay_bloctagon, lair_0_dummy, serial_shops, shop, uniq_psyche
D:9:      erik_orc_4, uniq_erica, uniq_grum
D:11:     lemuel_slime, uniq_snorg
Temple:   corrupted_temple

Skill      XL: |  1  2  3  4  5  6  7  8  9 10 11 |
---------------+----------------------------------+-----
Fighting       | 1 2 |  2.6
Dodging        | 2 3 4 5 |  5.1
Transmutations | 3 4 5 6 7 9 |  9.9
Spellcasting   | 3 4 5 7 |  7.8
Unarmed Combat | 4 5 7 8 9 10 | 10.3
Poison Magic   | 1 2 3 4 |  4.0

Action                   |  1- 3 |  4- 6 |  7- 9 | 10-12 || total
-------------------------+-------+-------+-------+-------++-------
Melee: Unarmed           |   126 |   132 |   251 |   264 ||   773
       Bite              |    29 |    15 |    18 |    55 ||   117
       Kick              |    13 |    10 |       |    16 ||    39
       Headbutt          |     1 |     4 |     1 |     2 ||     8
       Punch             |     1 |     3 |     3 |     7 ||    14
 Cast: Beastly Appendage |    21 |    14 |     5 |     2 ||    42
       Spider Form       |       |     9 |    29 |     3 ||    41
       Sticks to Snakes  |       |       |     9 |     8 ||    17
       Blade Hands       |       |       |     1 |    41 ||    42
Invok: Curse Item        |       |     2 |     1 |     1 ||     4
 Abil: End Transformatio |       |       |     2 |     1 ||     3
  Use: Scroll            |       |       |     8 |     1 ||     9
       Potion            |       |       |     2 |     1 ||     3
 Stab: Sleeping          |     1 |     1 |     1 |       ||     3
       Distracted        |       |       |       |     1 ||     1
  Eat: Chunk             |     2 |     7 |    13 |    22 ||    44
       Bread ration      |       |       |       |     1 ||     1
Armor: Robe              |    31 |     3 |     9 |    20 ||    63
       Skin              |       |     4 |    49 |     2 ||    55
Dodge: Dodged            |    81 |   102 |   218 |   241 ||   642
